 Dungeon Crawl Stone Soup version 0.29-a0-834-g1e95ca9f62 (webtiles) character file.

Game seed: 5923656782986711031

15 purpskrrrp the Sneak (level 2, 0/13 HPs)
             Began as a Vine Stalker Enchanter on July 13, 2022.
             Slain by a kobold
             ... wielding a +0 short sword
              (3 damage)
             ... on level 1 of the Dungeon.
             The game lasted 00:03:30 (955 turns).

purpskrrrp the Sneak (Vine Stalker Enchanter)        Turns: 955, Time: 00:03:31

Health: 0/13       AC:  2    Str: 10    XL:     2   Next: 50%
Magic:  0/6        EV: 12    Int: 15    God:
Gold:   65         SH:  0    Dex: 14    Spells: 5/5 levels left

rFire   + . .      SeeInvis .   g - +0 whip (vamp)
rCold   . . .      Faith    +   (no shield)
rNeg    . . .      Spirit   +   b - +0 robe
rPois   .          Reflect  .   (no helmet)
rElec   .          Harm     .   (no cloak)
rCorr   .          Rampage  .   (no gloves)
Will    .....                   (no boots)
Stlth   +++.......              l - amulet of faith
HPRegen 0.04/turn               h - ring of protection from fire
MPRegen 0.10/turn               (no ring)

@: no status effects
A: fangs 2, magic shield, antimagic bite, no potion heal 2
a: no special abilities


You were on level 1 of the Dungeon.
You visited 1 branch of the dungeon, and saw 1 of its levels.

You collected 65 gold pieces.

Inventory:

Hand Weapons
 a - a +1 dagger
 g - a +0 vampiric whip (weapon)
Armour
 b - a +0 robe (worn)
Jewellery
 h - a ring of protection from fire (left hand)
 l - an amulet of faith (around neck)
Scrolls
 e - a scroll of amnesia {unknown}
 f - 3 scrolls of identify {unknown}
 i - a scroll of fog {unknown}
 j - a scroll of magic mapping {unknown}
Potions
 c - a potion of heal wounds {unknown}
 d - 3 potions of curing {unknown}
 k - a potion of degeneration {unknown}
 m - a potion of ambrosia {unknown}


   Skills:
 * Level 1.2 Short Blades
 + Level 1.6 Dodging
 * Level 4.0 Stealth
 + Level 2.4 Spellcasting
 + Level 3.1 Hexes


You had 5 spell levels left.
You didn't know any spells.
Your spell library contained the following spells:

 Spells                   Type           Power      Damage    Failure   Level
 Ensorcelled Hibernation  Hex/Ice        12%        N/A       17%         2
 Confusing Touch          Hex            11%        N/A       17%         3
 Tukima's Dance           Hex            11%        N/A       17%         3
 Sandblast                Erth           2%         2d4       22%         1
 Dazzling Flash           Conj/Hex       12%        N/A       32%         3
 Swiftness                Air            1%         N/A       54%         3
 Leda's Liquefaction      Hex/Erth       3%         N/A       73%         4
 Freezing Cloud           Conj/Ice/Air   0%         6-21      99%         5
 Statue Form              Tmut/Erth      0%         N/A       100%        6


Dungeon Overview and Level Annotations

Branches:
Dungeon (1/15)

Altars:


Innate Abilities, Weirdness & Mutations

You have extremely sharp teeth.
When hurt, damage is shared between your health and your magic reserves.
Your bite disrupts and absorbs the magic of your enemies.
Potions cannot restore your health.


Message History

You kill the frilled lizard!
No target in view!
m - a yellow potion
Found a chain mail.
No target in view!
Found a faded altar of an unknown god.
A kobold comes into view. It is wielding a +0 short sword.
A frilled lizard comes into view.
Found a scroll labelled MAGISH FARPH.
You see here 13 gold pieces.
The frilled lizard hisses angrily.
The frilled lizard barely misses you.
You closely miss the frilled lizard.
The kobold shouts!
The frilled lizard unfolds its giant frill.
The frilled lizard barely misses you.
You closely miss the kobold.
The frilled lizard bites you but does no damage.
The kobold hits you with a +0 short sword.
A hobgoblin comes into view.
You hit the kobold but do no damage. The frilled lizard barely misses you.
The kobold barely misses you.
You closely miss the kobold. The frilled lizard bites you.
The kobold hits you with a +0 short sword.
You barely miss the kobold. Your bite misses the kobold.
The frilled lizard barely misses you.
The kobold hits you with a +0 short sword.
You are too injured to fight recklessly!
The frilled lizard attacks as you move away!
The frilled lizard bites you. The kobold attacks as you move away!
The kobold hits you with a +0 short sword.
* * * LOW HITPOINT WARNING * * *
The frilled lizard attacks as you move away!
The frilled lizard completely misses you.
The kobold attacks as you move away! The kobold hits you but does no damage.
The frilled lizard unfolds its giant frill.
The kobold attacks as you move away!
The kobold hits you with a +0 short sword.
You die...

#.####
#..##.##................
.....#
#..........##.###...##.#
####.# #.###.##.#.##.#
#.#.##.# #.#
###.###.##.#.##.# ########
#.# #..........#.##.# #.. #
###########......#####....
###.....#############?.....
###.........###..K?..........
#...............@l..g........
................$......######
############.........###
###.[_..### #######


You could see a hobgoblin, a kobold and a frilled lizard.

Vanquished Creatures
  An endoplasm (D:1)
  4 goblins (D:1)
  A hobgoblin (D:1)
  A kobold (D:1)
  A ball python (D:1)
  2 bats (D:1)
  4 frilled lizards (D:1)
14 creatures vanquished.

Notes
Turn   | Place    | Note
-------+----------+-------------------------------------------
     0 | D:1      | purpskrrrp the Vine Stalker Enchanter began the quest for
                  | the Orb.
     0 | D:1      | Reached XP level 1. HP: 9/9 MP: 4/4
   199 | D:1      | Reached skill level 1 in Short Blades
   469 | D:1      | Reached XP level 2. HP: 13/13 MP: 6/6
   499 | D:1      | Got the Tome of Terrain and Conduction
   629 | D:1      | Reached skill level 4 in Stealth
   932 | D:1      | Found a faded altar of an unknown god.
   955 | D:1      | Slain by a kobold

Illustrated notes

Levels and vault maps discovered:
D:1:      dpeg_arrival_rooms_with_view, layout_loops_ring,
          hellmonk_ecumenical_altar_zigzags

Skill      XL: |  1  2 |
---------------+-------+-----
Short Blades   | 1 |  1.2
Stealth        | 4 |  4.0
Dodging        | |  1.6
Spellcasting   | |  2.4
Hexes          | |  3.1

Action                   || total
-------------------------++-------
Melee: Dagger            ||    15
       Whip              ||    28
       Bite              ||     6
  Use: Potion            ||     2
 Stab: Invisible         ||     4
       Sleeping          ||     2
Armor: Robe              ||     9
Dodge: Dodged            ||    29

Table legend: (Time is in decaauts)
 A = Elapsed time spent in this place.
 B = Non-inter-level travel time spent in this place.
 C = Inter-level travel time spent in this place.
 D = Time resting spent in this place.
 E = Time spent auto-exploring this place.
 F = Levels seen in this place.
 G = Mean time per level.
                   A        B        C        D        E       F      G
               +--------+--------+--------+--------+--------+-----+--------+
         Total |    956 |    956 |      0 |      0 |    796 |   1 |  956.0 |
       Dungeon |    956 |    956 |      0 |      0 |    796 |   1 |  956.0 |
               +--------+--------+--------+--------+--------+-----+--------+

Top non-repeatable levels by time:
     D:1: 956 daAuts
